[ AOE2 MATCH · #495341738 ]
UnrankedHindustanis vs Vikings
Rival team · WIN
[ REPLAY ANALYSIS · EXTRACTED FROM THE RECORDED GAME ]
Feudal
9:40
Castle
22:35
Imperial
—
| APM avg | 95.7 |
| APM peak | 150 |
| eAPM avg | 52.1 |
| Villagers / military | 84 / 47 |
Focus
⚔️ 53.6% · 🌾 46.4%
Skirmisher ×24 · Archer ×21 · Mangonel ×2 · Trade Cart ×1
Feudal
8:53
Castle
20:22
Imperial
—
| APM avg | 83.1 |
| APM peak | 133 |
| eAPM avg | 45.2 |
| Villagers / military | 76 / 41 |
Focus
⚔️ 49.1% · 🌾 50.9%
Militia ×16 · Mangonel ×13 · Berserk ×11 · Scorpion ×1
Match map
Initial resources + every placement click. Lines = walls · curves = elevation contours. ◆ gold · ⬟ stone · ● berries · ✦ relic · ◌ wall gap
Your base· Open — 2t gap
死亡's base· Open — unwalled flank
Smoothed initial terrain · ◌ = detected wall gap · hover for details
Inputs per minute
— Dobbs351 - - 死亡
Build order — Dobbs351
First 150 of 214 actions detected
| 0:00 | Create | Villager (Male) |
| 0:00 | Create | Villager (Male) |
| 0:02 | Build | House |
| 0:02 | Build | House |
| 0:07 | Create | Villager (Male) |
| 0:15 | Create | Villager (Male) |
| 0:15 | Create | Villager (Male) |
| 1:01 | Create | Villager (Male) |
| 1:01 | Create | Villager (Male) |
| 1:27 | Create | Villager (Male) |
| 1:28 | Create | Villager (Male) |
| 1:55 | Build | Lumber Camp |
| 2:00 | Create | Villager (Male) |
| 2:00 | Create | Villager (Male) |
| 2:21 | Create | Villager (Male) |
| 2:21 | Create | Villager (Male) |
| 2:48 | Create | Villager (Male) |
| 2:48 | Create | Villager (Male) |
| 3:03 | Create | Villager (Male) |
| 3:03 | Create | Villager (Male) |
| 3:44 | Build | House |
| 3:46 | Create | Villager (Male) |
| 4:06 | Create | Villager (Male) |
| 4:19 | Build | House |
| 4:24 | Create | Villager (Male) |
| 4:33 | Build | Mill |
| 4:42 | Build | Palisade Wall |
| 4:55 | Create | Villager (Male) |
| 5:06 | Create | Villager (Male) |
| 5:21 | Build | Palisade Wall |
| 5:25 | Create | Villager (Male) |
| 5:44 | Create | Villager (Male) |
| 6:10 | Create | Villager (Male) |
| 6:38 | Create | Villager (Male) |
| 6:39 | Research | Loom |
| 6:46 | Build | Palisade Wall |
| 6:53 | Build | Palisade Wall |
| 6:54 | Build | Palisade Wall |
| 6:54 | Build | Palisade Wall |
| 7:25 | Build | Lumber Camp |
| 7:30 | Research | Feudal Age |
| 7:30 | Research | Feudal Age |
| 8:43 | Build | Barracks |
| 9:22 | Create | Villager (Male) |
| 9:37 | Build | House |
| 9:40 | Build | House |
| 9:40 | Age | Feudal Age |
| 9:42 | Create | Villager (Male) |
| 9:44 | Build | Archery Range |
| 9:56 | Research | Double-Bit Axe |
| 10:15 | Build | House |
| 10:17 | Build | House |
| 10:17 | Create | Skirmisher |
| 10:23 | Create | Skirmisher |
| 10:23 | Create | Villager (Male) |
| 10:48 | Build | Blacksmith |
| 11:02 | Create | Skirmisher |
| 11:03 | Create | Villager (Male) |
| 11:04 | Create | Villager (Male) |
| 11:16 | Create | Villager (Male) |
| 11:17 | Create | Skirmisher |
| 11:21 | Research | Horse Collar |
| 11:21 | Research | Horse Collar |
| 11:32 | Create | Villager (Male) |
| 11:39 | Build | Farm |
| 11:40 | Build | Farm |
| 11:40 | Build | Farm |
| 11:40 | Build | Farm |
| 11:50 | Create | Villager (Male) |
| 12:07 | Create | Villager (Male) |
| 12:16 | Create | Villager (Male) |
| 12:20 | Build | Farm |
| 12:21 | Build | Farm |
| 12:22 | Create | Villager (Male) |
| 12:26 | Build | Farm |
| 12:28 | Build | Farm |
| 12:29 | Build | Farm |
| 12:30 | Build | Farm |
| 12:30 | Create | Villager (Male) |
| 12:32 | Create | Skirmisher |
| 12:42 | Build | Farm |
| 12:52 | Create | Villager (Male) |
| 12:58 | Build | Mining Camp |
| 13:03 | Create | Villager (Male) |
| 13:04 | Create | Villager (Male) |
| 13:09 | Create | Skirmisher |
| 13:10 | Create | Villager (Male) |
| 13:20 | Build | House |
| 13:21 | Research | Wheelbarrow |
| 13:21 | Research | Wheelbarrow |
| 13:52 | Create | Villager (Male) |
| 13:58 | Build | Farm |
| 14:06 | Build | Farm |
| 14:10 | Create | Skirmisher |
| 14:10 | Create | Villager (Male) |
| 14:12 | Create | Villager (Male) |
| 14:40 | Create | Villager (Male) |
| 14:45 | Research | Fletching |
| 14:53 | Build | Mining Camp |
| 14:55 | Create | Villager (Male) |
| 15:08 | Create | Villager (Male) |
| 15:15 | Create | Villager (Male) |
| 15:17 | Create | Villager (Male) |
| 15:18 | Create | Skirmisher ×3 |
| 15:31 | Build | Archery Range |
| 15:32 | Create | Villager (Male) |
| 15:39 | Create | Skirmisher |
| 15:40 | Create | Archer |
| 15:41 | Create | Villager (Male) |
| 15:44 | Create | Villager (Male) |
| 16:04 | Create | Villager (Male) |
| 16:05 | Build | House |
| 16:08 | Research | Town Watch |
| 16:13 | Create | Villager (Male) |
| 16:16 | Create | Villager (Male) |
| 16:17 | Create | Skirmisher |
| 16:20 | Research | Padded Archer Armor |
| 16:20 | Research | Padded Archer Armor |
| 16:31 | Create | Skirmisher |
| 16:31 | Create | Skirmisher |
| 16:35 | Build | Mining Camp |
| 16:35 | Create | Villager (Male) |
| 16:38 | Build | Market |
| 16:40 | Create | Villager (Male) |
| 16:55 | Create | Villager (Male) |
| 16:59 | Create | Skirmisher |
| 17:02 | Create | Villager (Male) |
| 17:05 | Build | House |
| 17:06 | Create | Villager (Male) |
| 17:14 | Build | House |
| 17:16 | Create | Villager (Male) |
| 17:21 | Create | Villager (Male) |
| 17:25 | Create | Skirmisher |
| 17:25 | Create | Skirmisher |
| 17:44 | Build | Farm |
| 17:46 | Create | Villager (Male) |
| 17:47 | Create | Skirmisher |
| 17:48 | Create | Skirmisher |
| 18:02 | Create | Trade Cart |
| 18:07 | Build | House |
| 18:11 | Create | Villager (Male) |
| 18:26 | Create | Villager (Male) |
| 18:28 | Create | Skirmisher |
| 18:29 | Create | Skirmisher |
| 18:55 | Create | Villager (Male) |
| 19:03 | Build | Farm |
| 19:14 | Create | Skirmisher |
| 19:14 | Create | Skirmisher |
| 19:19 | Create | Archer |
| 19:19 | Create | Archer |
Build order — 死亡
First 150 of 201 actions detected
| 0:03 | Create | Villager (Male) ×4 |
| 0:04 | Build | House |
| 0:05 | Build | House |
| 0:06 | Build | House |
| 1:31 | Create | Villager (Male) |
| 1:31 | Create | Villager (Male) |
| 1:47 | Build | Lumber Camp |
| 1:52 | Create | Villager (Male) |
| 2:07 | Create | Villager (Male) |
| 2:07 | Create | Villager (Male) |
| 2:38 | Create | Villager (Male) |
| 2:39 | Create | Villager (Male) |
| 3:15 | Create | Villager (Male) |
| 3:44 | Create | Villager (Male) |
| 3:44 | Create | Villager (Male) |
| 3:50 | Build | House |
| 4:01 | Create | Villager (Male) |
| 4:26 | Create | Villager (Male) |
| 4:26 | Create | Villager (Male) |
| 4:43 | Create | Villager (Male) |
| 4:44 | Create | Villager (Male) |
| 4:44 | Create | Villager (Male) |
| 4:57 | Create | Villager (Male) |
| 4:57 | Create | Villager (Male) |
| 5:01 | Create | Villager (Male) |
| 5:02 | Create | Villager (Male) |
| 5:06 | Build | Barracks |
| 5:36 | Build | House |
| 6:05 | Build | House |
| 6:43 | Research | Feudal Age |
| 6:43 | Research | Feudal Age |
| 6:48 | Build | Mining Camp |
| 7:14 | Create | Militia |
| 7:23 | Research | Loom |
| 7:25 | Create | Militia |
| 7:25 | Create | Militia |
| 7:35 | Create | Militia |
| 7:48 | Build | Mill |
| 8:02 | Build | House |
| 8:53 | Age | Feudal Age |
| 9:05 | Research | Double-Bit Axe |
| 9:05 | Research | Double-Bit Axe |
| 9:20 | Create | Villager (Male) |
| 9:24 | Create | Villager (Male) |
| 9:28 | Research | Horse Collar |
| 9:28 | Research | Horse Collar |
| 9:36 | Create | Villager (Male) |
| 9:40 | Build | Farm |
| 9:41 | Build | Farm |
| 9:49 | Build | House |
| 9:49 | Build | House |
| 9:53 | Build | House |
| 9:59 | Create | Villager (Male) |
| 10:07 | Build | Farm |
| 10:18 | Create | Villager (Male) |
| 10:23 | Build | Farm |
| 10:46 | Create | Villager (Male) |
| 10:56 | Build | Farm |
| 11:14 | Create | Villager (Male) |
| 11:16 | Build | Farm |
| 11:41 | Create | Villager (Male) |
| 11:47 | Build | Palisade Wall |
| 11:51 | Build | Palisade Wall |
| 11:59 | Create | Villager (Male) |
| 12:03 | Build | Farm |
| 12:09 | Build | Palisade Wall |
| 12:13 | Build | Palisade Wall |
| 12:17 | Build | Farm |
| 12:18 | Create | Villager (Male) |
| 12:27 | Build | Farm |
| 12:54 | Create | Villager (Male) |
| 13:04 | Build | Mining Camp |
| 13:11 | Create | Militia |
| 13:22 | Create | Villager (Male) |
| 13:25 | Build | House |
| 13:26 | Build | House |
| 13:32 | Create | Villager (Male) |
| 13:35 | Research | Man-at-Arms (upgrade) |
| 13:35 | Research | Man-at-Arms (upgrade) |
| 13:58 | Create | Villager (Male) |
| 14:24 | Create | Militia |
| 14:24 | Create | Militia |
| 14:32 | Build | Watch Tower |
| 14:43 | Create | Villager (Male) |
| 14:45 | Build | House |
| 14:59 | Build | Farm |
| 15:23 | Build | Watch Tower |
| 15:26 | Build | Farm |
| 15:34 | Build | House |
| 15:36 | Create | Villager (Male) |
| 15:37 | Build | Blacksmith |
| 15:50 | Build | Palisade Gate |
| 15:51 | Build | Palisade Gate |
| 16:12 | Build | Lumber Camp |
| 16:27 | Create | Villager (Male) |
| 16:35 | Create | Villager (Male) |
| 17:03 | Build | Market |
| 17:12 | Create | Militia |
| 17:12 | Create | Militia |
| 17:15 | Create | Villager (Male) |
| 17:28 | Build | House |
| 17:29 | Build | Palisade Wall |
| 17:40 | Research | Castle Age |
| 17:40 | Research | Castle Age |
| 17:41 | Research | Gold Mining |
| 17:42 | Research | Gold Mining |
| 17:45 | Research | Scale Mail Armor |
| 17:45 | Research | Scale Mail Armor |
| 17:56 | Create | Militia |
| 17:56 | Create | Militia |
| 18:05 | Create | Militia |
| 18:33 | Create | Militia ×3 |
| 19:03 | Research | Arson |
| 19:03 | Research | Arson |
| 19:11 | Build | Stable |
| 19:19 | Create | Villager (Male) |
| 19:38 | Create | Militia |
| 20:02 | Build | House |
| 20:07 | Build | Farm |
| 20:22 | Age | Castle Age |
| 20:24 | Research | Squires |
| 20:27 | Research | Long Swordsman (upgrade) |
| 20:28 | Research | Long Swordsman (upgrade) |
| 20:28 | Research | Long Swordsman (upgrade) |
| 20:32 | Build | Castle |
| 20:39 | Create | Villager (Male) |
| 20:40 | Build | Farm |
| 20:43 | Build | Farm |
| 20:45 | Build | Farm |
| 20:45 | Create | Villager (Male) |
| 21:04 | Create | Villager (Male) |
| 21:06 | Build | Siege Workshop |
| 21:11 | Create | Villager (Male) |
| 21:17 | Research | Bow Saw |
| 21:18 | Research | Bow Saw |
| 21:56 | Create | Mangonel |
| 21:56 | Create | Mangonel |
| 21:57 | Create | Villager (Male) |
| 22:01 | Create | Villager (Male) |
| 22:08 | Create | Berserk ×3 |
| 22:17 | Build | Outpost |
| 22:19 | Build | Outpost |
| 22:23 | Create | Villager (Male) |
| 22:31 | Research | Town Watch |
| 22:31 | Research | Town Watch |
| 22:31 | Build | Farm |
| 22:31 | Build | Farm |
| 22:33 | Create | Berserk |
| 22:33 | Create | Berserk |
| 22:42 | Build | Outpost |
Match timeline
| 4:42 | Dobbs351 · wall_segment Palisade Wall x5 |
| 5:06 | 死亡 · first_building Barracks |
| 5:21 | Dobbs351 · wall_segment Palisade Wall x1 |
| 6:46 | Dobbs351 · wall_segment Palisade Wall x5 |
| 6:53 | Dobbs351 · wall_segment Palisade Wall x7 |
| 6:54 | Dobbs351 · wall_segment Palisade Wall x1 |
| 6:54 | Dobbs351 · wall_segment Palisade Wall x1 |
| 8:43 | Dobbs351 · first_building Barracks |
| 8:53 | 死亡 · age_up feudal |
| 9:40 | Dobbs351 · age_up feudal |
| 9:44 | Dobbs351 · first_building Archery Range |
| 11:47 | 死亡 · wall_segment Palisade Wall x1 |
| 11:51 | 死亡 · wall_segment Palisade Wall x1 |
| 12:09 | 死亡 · wall_segment Palisade Wall x1 |
| 12:13 | 死亡 · wall_segment Palisade Wall x1 |
| 17:29 | 死亡 · wall_segment Palisade Wall x6 |
| 19:11 | 死亡 · first_building Stable |
| 19:44 | Dobbs351 · first_market_sell 500 wood |
| 19:44 | Dobbs351 · first_market_buy 100 food |
| 20:14 | 死亡 · first_market_buy 100 stone |
| 20:22 | 死亡 · age_up castle |
| 20:26 | 死亡 · first_market_sell 100 wood |
| 20:32 | 死亡 · first_building Castle |
| 21:06 | 死亡 · first_building Siege Workshop |
| 22:35 | Dobbs351 · age_up castle |
| 24:02 | Dobbs351 · first_building Siege Workshop |
| 28:26 | Dobbs351 · resign |
[ AI ANALYSIS · 1 CREDIT ]
What really happened in this match?
Wolo.gg analyzes every decision: build order, eco, micro, common mistakes by bracket. Personalized analysis on WhatsApp or Discord in 30 seconds.
Civ guide
Hindustanis
Perfil
Jugador #246423